 Dungeon Crawl Stone Soup version 0.14-a0-586-g2535b90 (webtiles) character file.

487 PolkaDot the Ruinous (level 6, -3/39 HPs)
             Began as a Vampire Wizard on Nov 3, 2013.
             Slain by Menkaure (17 damage)
             ... on Level 4 of the Dungeon.
             The game lasted 00:13:36 (3585 turns).

PolkaDot the Ruinous (Vampire Wizard)               Turns: 3585, Time: 00:13:36

HP  -3/39        AC  4     Str  9      XL: 6   Next: 25%
MP   6/15        EV 12     Int 22      God:
Gold 158         SH  0     Dex 12      Spells:  3 memorised,  4 levels left

Res.Fire  : . . .   See Invis. : +   p - +3,+1 dwarf dagger (elec)
Res.Cold  : . . .   Warding    : .   a - +0 robe
Life Prot.: + . .   Conserve   : .   (no shield)
Res.Poison: .       Res.Corr.  : .   b - +2 wizard hat
Res.Elec. : .       Clarity    : .   (no cloak)
Sust.Abil.: . .     Spirit.Shd : .   (no gloves)
Res.Mut.  : .       Stasis     : .   (no boots)
Res.Rott. : .       Flight     : .   (no amulet)
Saprovore : . . .                    t - ring of hunger
                                     d - +3 ring of strength

@: very slightly contaminated, slightly resistant to hostile enchantments,
stealthy
A: bottle blood, fangs 3, see invisible, unbreathing
a: Bat Form, Bottle Blood


You were on level 4 of the Dungeon.
You were not thirsty.

You visited 1 branch of the dungeon, and saw 4 of its levels.

You collected 158 gold pieces.

Inventory:

Hand weapons
 p - a +3,+1 dwarven dagger of electrocution (weapon)
Armour
 a - a +0 robe (worn)
 b - a +2 wizard hat (worn)
Scrolls
 i - 3 scrolls of recharging {unknown}
 j - 2 scrolls of fog {unknown}
Jewellery
 d - a +3 ring of strength (left hand)
 t - a ring of hunger (right hand)
Potions
 e - a potion of magic
 f - a potion of speed
 h - a potion of mutation
 m - a potion of restore abilities
 n - a potion of brilliance
 r - a potion of berserk rage
 s - a potion of agility {unknown}
Books
 c - a book of Minor Magic

   Spells                             Type                      Level
   *Magic Dart                        Conjuration                  1
   Blink                              Translocation                2
   Call Imp                           Summoning                    2
   Repel Missiles                     Charms/Air                   2
   Slow                               Hexes                        2
   *Conjure Flame                     Conjuration/Fire             3
   *Mephitic Cloud                    Conjuration/Poison/Air       3


   Skills:
 - Level 2.1 Dodging
 - Level 3.0 Stealth
 - Level 3.0 Spellcasting
 * Level 4.8 Conjurations
   Level 1.0 Summonings
   Level 0.7 Translocations


You had 4 spell levels left.
You knew the following spells:

 Your Spells              Type           Power        Failure   Level  Hunger
a - Magic Dart            Conj           ###.         1%          1    None
d - Mephitic Cloud        Conj/Pois/Air  ##......     21%         3    ###....
s - Conjure Flame         Conj/Fire      ##......     14%         3    ###....


Dungeon Overview and Level Annotations

Branches:
Dungeon (4/27)
 Temple: D:4-7

Altars:
Ashenzari
Xom

Annotations:
D:4 Menkaure


Innate Abilities, Weirdness & Mutations

You can bottle blood from corpses.
You have razor-sharp teeth.*
You have supernaturally acute eyesight.
You can survive without breathing.*


Message History

Aim: Menkaure (heavily damaged, moving very quickly)
The magic dart hits Menkaure.
Menkaure is severely damaged.
Casting: Magic Dart
Confirm with . or Enter, or press ? or * to list all spells.
Aiming: Magic Dart
Press: ? - help, Shift-Dir - straight line, f/p - Menkaure
Aim: Menkaure (severely damaged, moving very quickly)
The magic dart hits Menkaure.
Menkaure is severely damaged.
Menkaure barely misses you.
Casting: Magic Dart
Confirm with . or Enter, or press ? or * to list all spells.
Aiming: Magic Dart
Press: ? - help, Shift-Dir - straight line, f/p - Menkaure
Aim: Menkaure (severely damaged, moving very quickly)
The magic dart hits Menkaure.
Menkaure is severely damaged.
Menkaure hits you!
You die...

.#............#
.#.#####...#.######## .#.#
#..............+
.#.###..####.#.....##
.#.........(.......#
.###....##.#.......#
.........#.#..######
####.#...#.#..########
#.#..........@M...#
#.....#..###.###..# #.....#..#
#.# #..# #.....#..###'###..#
#.....#....'_###M.#
#........###+###.#############
#........# #........).....
#........# #.#############
............. ...#


You could see Menkaure.

Vanquished Creatures
  Sigmund (D:2)
  A gnoll shaman (D:4)
  2 orc wizards (D:4)
  6 adders
  3 gnolls (D:4)
  3 worms
  An adder skeleton (D:4)
  A giant gecko (D:3)
  3 orcs
  2 ball pythons
  6 goblins
  5 hobgoblins
  11 bats
  2 giant cockroaches
  2 giant newts
  10 kobolds
  10 rats
69 creatures vanquished.

Vanquished Creatures (others)
  An orc wizard (D:4)
1 creature vanquished.

Grand Total: 70 creatures vanquished

Notes
Turn   | Place    | Note
--------------------------------------------------------------
     0 | D:1      | PolkaDot, the Vampire Wizard, began the quest for the Orb.
     0 | D:1      | Reached XP level 1. HP: 11/11 MP: 6/6
   203 | D:1      | Reached skill level 1 in Conjurations
   539 | D:1      | Reached XP level 2. HP: 17/17 MP: 0/8
  1199 | D:2      | Noticed Sigmund
  1451 | D:2      | Reached XP level 3. HP: 7/22 MP: 2/10
  1575 | D:2      | Learned a level 3 spell: Conjure Flame
  1579 | D:2      | Learned a level 3 spell: Mephitic Cloud
  1585 | D:2      | Found a shimmering altar of Xom.
  1847 | D:2      | Killed Sigmund
  1847 | D:2      | Reached XP level 4. HP: 20/28 MP: 4/12
  2097 | D:3      | Reached XP level 5. HP: 30/33 MP: 8/13
  2908 | D:3      | Reached skill level 4 in Conjurations
  3439 | D:4      | Found a shattered altar of Ashenzari.
  3458 | D:4      | Reached XP level 6. HP: 37/39 MP: 10/15
  3515 | D:4      | Noticed Menkaure
  3585 | D:4      | Slain by Menkaure

Action                   |  1- 3 |  4- 6 || total
-------------------------+-------+-------++-------
Melee: Sabre             |    24 |       ||    24
       Short sword       |     5 |       ||     5
       Unarmed           |     4 |       ||     4
       Dagger            |     4 |    47 ||    51
 Cast: Magic Dart        |    63 |    83 ||   146
       Conjure Flame     |     2 |     5 ||     7
       Mephitic Cloud    |       |     4 ||     4
  Use: Potion            |     2 |     6 ||     8
       Scroll            |       |    16 ||    16
 Stab: Sleeping          |     1 |     1 ||     2
       Confused          |       |     1 ||     1
